 Dungeon Crawl Stone Soup version 0.31-a0-1496-g79c7dd0eeb (webtiles) character file.

Game seed: 12116493396263137643

4239 Flugkiller the Mimic (level 10, -5/85 HPs)
             Began as an Octopode Shapeshifter on Dec 29, 2023.
             Was a Follower of Ashenzari.
             Splashed by a jelly's acid (9 damage)
             ... on level 7 of the Dungeon.
             The game lasted 00:13:28 (2956 turns).

Flugkiller the Mimic (Octopode Shapeshifter)        Turns: 2956, Time: 00:13:29

Health: -5/85      AC: -3    Str: 18    XL:     10   Next: 30%
Magic:  11/11      EV: 11    Int: 18    God:    Ashenzari [*.....]
Gold:   407        SH:  0    Dex: 17    Spells: 7/11 levels left

rFire   . . .        l - melded +5 dagger "Thunder Perfect Mind" {speed, Self, Comp} (curse)
rCold   . . .        (shield currently unavailable)
rNeg    + . .        (helmet currently unavailable)
rPois   +            (no amulet)
rElec   .            a - ring of Ashenzari's Pantheism {Int+6, Range, Bglg} (curse)
rCorr   .            p - +4 ring of protection
SInv    .            q - ring of Ashenzari's Free Will {rN+, Elem, Comp} (curse)
Will    .....        (no ring)
Stlth   ++           (no ring)
HPRegen 0.34/turn    (no ring)
MPRegen 0.12/turn    (no ring)
                     (no ring)

%: no passive effects
@: snake-form, corroded
A: constrict, boosted hp, almost no armour, amphibious, 8 rings, large,
(camouflage 1), (gelatinous body 1), (nimble swimmer 1), (tentacles)
a: Begin Untransformation, Renounce Religion, Curse Item, Shatter the Chains


You were on level 7 of the Dungeon.
You worshipped Ashenzari.
Ashenzari was aware of your devotion.
You were an enormous serpent.
You visited 1 branch of the dungeon, and saw 7 of its levels.

You collected 407 gold pieces.

Inventory:

Hand Weapons
 l - the cursed +5 dagger "Thunder Perfect Mind" (melded) {speed, Self, Comp}
   (You took it off Ijyb on level 3 of the Dungeon)

   It has a curse which improves the following skills: Introspection: Fighting
   and Spellcasting.
   Companions: Summonings and Necromancy.
Missiles
 v - a throwing net
 A - 9 poisoned darts
Jewellery
 a - the cursed ring of Ashenzari's Pantheism (left tentacle) {Int+6, Range, Bglg}
   (You found it on level 3 of the Dungeon)

   [ring of intelligence]

   Int+6:     It affects your intelligence (+6).
   It has a curse which improves the following skills: Ranged Combat: Ranged
   Weapons and Throwing.
   Beguiling: Hexes and Translocations.
 p - a +4 ring of protection (right tentacle)
   (You found it on level 3 of the Dungeon)
 q - the cursed ring of Ashenzari's Free Will (on tentacle) {rN+, Elem, Comp}
   (You found it on level 5 of the Dungeon)

   [ring of positive energy]

   rN+:       It protects you from negative energy.
   It has a curse which improves the following skills: Elements: Fire Magic, Ice
   Magic, Air Magic and Earth Magic.
   Companions: Summonings and Necromancy.
Talismans
 b - a beast talisman
 c - a flux talisman
 m - a serpent talisman (active)
   (You found it on level 5 of the Dungeon)
Wands
 k - a wand of quicksilver (1)
   (You took it off Ijyb on level 3 of the Dungeon)
 B - a wand of polymorph (10)
   (You found it on level 6 of the Dungeon)
Scrolls
 f - a scroll of brand weapon
 g - 2 scrolls of immolation
 i - 4 scrolls of amnesia
 o - a scroll of revelation
 t - a scroll of enchant armour
 u - a scroll of enchant weapon
 y - a scroll of fear
 C - a scroll of butterflies
 D - a scroll of vulnerability
Potions
 d - a potion of might
 e - a potion of attraction
 h - 2 potions of haste
 j - a potion of ambrosia
 n - a potion of resistance
 r - a potion of mutation
 s - a potion of berserk rage
 w - a potion of heal wounds
 x - 2 potions of enlightenment
 z - 2 potions of lignification
 E - a potion of brilliance


   Skills:
 + Level 7.1 Fighting
 - Level 4.2 Dodging
 + Level 6.2 Unarmed Combat
 + Level 1.2 Spellcasting
 * Level 2.1(2.7) Translocations
 * Level 2.1(2.7) Air Magic
 - Level 10.0 Shapeshifting


You had 7 spell levels left.
You knew the following spells:

 Your Spells              Type           Power      Damage    Failure   Level
a - Vhi's Electric Charg  Tloc/Air       22%        N/A       54%         4

Your spell library contained the following spells:

 Spells                   Type           Power      Damage    Failure   Level
 Apportation              Tloc           22%        N/A       6%          1
 Jinxbite                 Hex            2%         N/A       28%         2
 Tukima's Dance           Hex            1%         N/A       50%         3
 Passage of Golubria      Tloc           11%        N/A       54%         4
 Arcjolt                  Conj/Air       3%         1d13      97%         5
 Alistair's Intoxication  Alch           0%         N/A       99%         5
 Yara's Violent Unravell  Hex/Alch       0%         3d3       99%         5
 Plasma Beam              Fire/Air       3%         2x1d13    100%        6


Dungeon Overview and Level Annotations

Branches:
Dungeon (7/15) Zot: 26134  Temple (0/1) D:5

Altars:
Ashenzari
Trog

Annotations:
D:5 exclusion: ogre


Innate Abilities, Weirdness & Mutations

You are an enormous serpent.
You have a powerful constriction melee attack.
Your maximum health is increased.
Your armour is entirely melded.
You are incapable of wielding weapons or throwing items.
You cannot wear most types of armour.
You are amphibious.
You can wear up to eight rings at the same time.
((Your skin changes colour to match your surroundings (Stealth+).))
((Your rubbery body absorbs attacks. (AC +1, EV +1)))
((You are camouflaged when in or above water. (Stealth+)))
((You have tentacles for arms and can constrict up to eight enemies at once.))


Message History

* * * LOW HITPOINT WARNING * * *
Unknown command.
You body-slam the ogre!!
You kill the ogre!
Unknown command.
You start resting.
A white imp is nearby!
You lash the white imp! You grab the white imp.
The white imp is almost dead.
You constrict the white imp.
You kill the white imp!
Okay, then.
An ice beast and a brown ugly thing come into view.
Things that are here:
a +0 short sword; 4 poisoned darts You start resting.
HP restored.
A water moccasin comes into view.
The water moccasin hisses angrily.
The water moccasin closely misses you.
You lash the water moccasin! You grab the water moccasin.
The water moccasin is severely wounded.
You constrict the water moccasin.
You hear a shout!
The water moccasin barely misses you.
You hear a horrible gurgling sound!
You hear a shout!
You lash the water moccasin!
You kill the water moccasin!
Your Fighting skill increases to level 7!
No target in view!
A gnoll comes into view. It is wielding a +0 flail.
Things that are here:
a +0 short sword; 4 poisoned darts; a water moccasin corpse The gnoll throws a stone.
The stone misses you.
You lash the gnoll! You grab the gnoll.
The gnoll is almost dead.
You constrict the gnoll.
You kill the gnoll!
Aiming: Polymorph
Press: ? - help, Shift-Dir - straight line, f - brown ugly thing
Aim: a brown ugly thing (will change colour)
Okay, then.
Unknown command.
Okay, then.
Unknown command.
Things that are here:
a +0 short sword; 4 poisoned darts; a water moccasin corpse You body-slam the brown ugly thing!!
You grab the brown ugly thing.
The brown ugly thing is moderately wounded.
You constrict the brown ugly thing. The brown ugly thing punches you!
You are splashed with acid!
You hit the brown ugly thing but do no damage.
The brown ugly thing is moderately wounded.
You constrict the brown ugly thing.
The brown ugly thing punches you but does no damage.
You lash the brown ugly thing!
The brown ugly thing is heavily wounded.
You constrict the brown ugly thing.
A jelly comes into view.
The brown ugly thing punches you. The acid corrodes you!
You are splashed with acid.
The jelly quivers.
You lash the brown ugly thing!
The brown ugly thing is severely wounded.
You constrict the brown ugly thing. The brown ugly thing punches you.
The acid corrodes you!
You are splashed with acid!
You completely miss the brown ugly thing.
The brown ugly thing is almost dead.
You constrict the brown ugly thing. The brown ugly thing punches you!
The acid corrodes you!
You are splashed with acid!
Unknown command.
You hit the brown ugly thing but do no damage.
The brown ugly thing is almost dead.
You constrict the brown ugly thing.
Unknown command.
You hit the brown ugly thing but do no damage.
The brown ugly thing is almost dead.
You constrict the brown ugly thing! The brown ugly thing punches you!
* * * LOW HITPOINT WARNING * * *
You are splashed with acid!
* * * LOW HITPOINT WARNING * * *
Unknown command.
You lash the brown ugly thing!
You kill the brown ugly thing!
Your Spellcasting skill increases to level 1!
Your Translocations skill increases to level 2!
Your Air Magic skill increases to level 2!
Unknown command.
Aiming: Quicksilver Bolt
Press: ? - help, Shift-Dir - straight line, f - jelly
Aim: a jelly (100% to hit)
The bolt of dispelling energy hits the jelly!
The jelly is severely wounded.
You hit the jelly. The acid corrodes you!
Your tentacles burn!
* * * LOW HITPOINT WARNING * * *
The jelly is almost dead.
The jelly hits you.
* * * LOW HITPOINT WARNING * * *
You are splashed with acid!
You die...

#'#..#######..
#.###..#######... ....##
...##. #.....##..#..##..
...##
...##.......##..#.#..##.
..##
#..#########..#...#..##
..# ##..#
##.##..#.)#..#e.# ..#
#...###.#.#)#..#.#..#.#
..#
##..)##.##.#..#...#..##
..#
#..)#J#.###.#..#.#..#.#
..# ##u.##S##
#..#..#..#..# ..##
#..##### ##..#.).#..##
...## ...# {
##..#.#..##. ....## ...#
##..#..##.. ##...# #.##
###.###..# ##...# .# #)#
#..# .....# ###.###...
.....# #.....#... .....#
###.###...


You could see a jelly.

Vanquished Creatures
  Pikel (D:7)
  An ugly thing (D:7)
  An unseen horror (D:7)
  Prince Ribbit (D:5)
  Sigmund (D:2)
  A basilisk (D:7)
  Menkaure (D:5)
  Duvessa (D:7)
  3 water moccasins
  2 ice beasts
  A sky beast (D:7)
  3 black bears
  3 ogres
  2 centaurs (D:6)
  3 lemures (D:7)
  2 kobold brigands (D:7)
  A bullfrog (D:6)
  3 scorpions
  A wight (D:7)
  Dowan (D:7)
  2 bombardier beetles (D:5)
  2 jellies
  2 gnoll boudas
  An orc priest (D:6)
  A hound (D:6)
  Ijyb (D:3)
  An iguana (D:5)
  5 orc wizards
  6 adders
  10 gnolls
  A shadow imp (D:7)
  3 white imps
  A worm (D:2)
  4 dart slugs
  10 orcs
  4 endoplasms
  4 giant cockroaches
  3 goblins
  4 hobgoblins
  8 kobolds
  2 quokkas
  3 ball pythons
  3 bats
  3 frilled lizards
  4 rats
121 creatures vanquished.

Notes
Turn   | Place    | Note
-------+----------+-------------------------------------------
     0 | D:1      | Flugkiller the Octopode Shapeshifter began the quest for
                  | the Orb.
     0 | D:1      | Reached XP level 1. HP: 13/13 MP: 1/1
   163 | D:1      | Reached XP level 2. HP: 17/18 MP: 2/2
   259 | D:2      | Noticed Sigmund
   277 | D:2      | Killed Sigmund
   278 | D:2      | Reached skill level 4 in Shapeshifting
   278 | D:2      | Reached XP level 3. HP: 26/26 MP: 3/3
   278 | D:2      | Reached XP level 4. HP: 31/31 MP: 4/4
   278 | D:2      | Reached XP level 5. HP: 36/36 MP: 5/5
   627 | D:3      | Noticed Ijyb
   667 | D:2      | Reached XP level 6. HP: 11/42 MP: 6/6
   764 | D:2      | Found a broken altar of Ashenzari.
   781 | D:2      | Became a worshipper of Ashenzari the Shackled
   878 | D:3      | Killed Ijyb
   959 | D:3      | Found a faded altar of an unknown god.
   961 | D:3      | Noticed a great orb of eyes
   961 | D:3      | Noticed a shining eye
   965 | D:3      | Noticed a golden eye
   965 | D:3      | Noticed a great orb of eyes
  1101 | D:5      | Entered Level 5 of the Dungeon
  1134 | D:5      | Noticed Prince Ribbit
  1178 | D:5      | Killed Prince Ribbit
  1179 | D:5      | Reached skill level 5 in Shapeshifting
  1179 | D:5      | Reached XP level 7. HP: 31/49 MP: 7/7
  1277 | D:5      | Found a staircase to the Ecumenical Temple.
  1420 | D:5      | Noticed Menkaure
  1427 | D:5      | Killed Menkaure
  1428 | D:5      | Reached skill level 5 in Fighting
  1428 | D:5      | Reached XP level 8. HP: 51/56 MP: 8/8
  1681 | D:6      | Reached skill level 6 in Shapeshifting
  1710 | D:6      | Found a bloodstained altar of Trog.
  1750 | D:6      | Reached * piety under Ashenzari
  1767 | D:6      | Learned a level 4 spell: Vhi's Electric Charge
  1853 | D:6      | Reached skill level 7 in Shapeshifting
  2022 | D:6      | Reached skill level 8 in Shapeshifting
  2022 | D:6      | Reached XP level 9. HP: 40/63 MP: 9/9
  2250 | D:7      | Noticed a boulder beetle
  2398 | D:7      | Reached skill level 9 in Shapeshifting
  2600 | D:7      | Noticed Pikel
  2622 | D:7      | Killed an unseen horror
  2623 | D:7      | Reached skill level 10 in Shapeshifting
  2630 | D:7      | Killed Pikel
  2631 | D:7      | Reached skill level 5 in Unarmed Combat
  2631 | D:7      | Reached XP level 10. HP: 41/69 MP: 10/10
  2675 | D:7      | Noticed Dowan
  2684 | D:7      | Noticed Duvessa
  2705 | D:7      | Killed Duvessa
  2706 | D:7      | Reached skill level 1 in Translocations
  2713 | D:7      | Killed Dowan
  2714 | D:7      | Reached skill level 1 in Air Magic
  2750 | D:7      | Noticed a brown ugly thing
  2953 | D:7      | Killed a brown ugly thing
  2954 | D:7      | Reached skill level 1 in Spellcasting
  2956 | D:7      | HP: 4/85 [jelly (2)]
  2956 | D:7      | Splashed by a jelly's acid

Illustrated notes

Levels and vault maps discovered:
D:1:      nicolae_arrival_somewhat_less_tricky_arrival, layout_basic,
          minmay_misc_feat_four_crosses
D:2:      layout_loops_ring, basic_altar, uniq_sigmund
D:3:      layout_loops_ring, hellmonk_ecumenical_altar_watching_god,
          hangedman_decor_slide_cut, minmay_randomly_rotated_circles, uniq_ijyb,
          uniq_pargi, uniq_robin
D:4:      mumra_celtic_spiral_tile, layout_basic,
          gammafunk_temple_overflow_pools, nicolae_zig_zag_zippers
D:5:      layout_basic, minmay_temple_entry_hall, uniq_prince_ribbit1,
          uniq_menkaure
D:6:      layout_basic, trog_book, kennysheep_generic_room_15,
          uniq_blork_the_orc
D:7:      minmay_the_grid_octo_tiled_octocenter [minmay_the_grid_octo_odd_swirl,
          minmay_the_grid_octo_pinwheel, minmay_the_grid_octo_thin_diamonds,
          minmay_the_grid_octo_chip,
          minmay_the_grid_octo_prize_ultimate_mussel_roller,
          minmay_the_grid_square_5x5_six_small, minmay_the_grid_square_5x5_plus,
          minmay_the_grid_square_5x5_almost_minimal,
          minmay_the_grid_square_5x5_shuriken], layout_gridville,
          uniq_crazy_yiuf_cottage, uniq_duvessa, uniq_pikel

Skill      XL: |  1  2  3  4  5  6  7  8  9 10 |
---------------+-------------------------------+-----
Fighting       | 3 4 5 6 7 |  7.1
Unarmed Combat | 4 5 6 |  6.2
Shapeshifting  | 4 5 8 10 | 10.0
Dodging        | 3 4 |  4.2
Translocations | 2 |  2.1
Air Magic      | 2 |  2.1
Spellcasting   | 1 |  1.2

Action                     |  1- 3 |  4- 6 |  7- 9 | 10-12 || total
---------------------------+-------+-------+-------+-------++-------
  Melee: Unarmed           |    25 |    62 |    59 |    42 ||   188
         Constrict         |     6 |    16 |    34 |    10 ||    66
         Tentacles         |     4 |    12 |    28 |       ||    44
         Dagger            |       |    23 |   114 |       ||   137
         Punch             |       |       |     5 |       ||     5
 Invoke: Curse Item        |       |       |     3 |       ||     3
  Evoke: Wand              |       |       |     7 |     1 ||     8
    Use: Scroll            |     2 |     5 |     2 |       ||     9
         Potion            |     1 |     1 |     2 |       ||     4
   Stab: Sleeping          |     1 |    12 |     1 |       ||    14
 Armour: Skin              |    13 |    26 |   100 |    26 ||   165
  Dodge: Dodged            |     7 |    42 |    94 |    12 ||   155
   Form: Serpent           |       |       |     1 |       ||     1

Table legend: (Time is in decaauts)
 A = Elapsed time spent in this place.
 B = Non-inter-level travel time spent in this place.
 C = Inter-level travel time spent in this place.
 D = Time resting spent in this place.
 E = Time spent auto-exploring this place.
 F = Levels seen in this place.
 G = Mean time per level.
                   A        B        C        D        E       F      G
               +--------+--------+--------+--------+--------+-----+--------+
         Total |   2903 |   2749 |    154 |    230 |      0 |   7 |  414.7 |
       Dungeon |   2903 |   2749 |    154 |    230 |      0 |   7 |  414.7 |
               +--------+--------+--------+--------+--------+-----+--------+

Top non-repeatable levels by time:
     D:7: 798 daAuts
     D:6: 539 daAuts
     D:5: 416 daAuts
     D:1: 360 daAuts
     D:2: 336 daAuts
     D:3: 287 daAuts
     D:4: 164 daAuts
